 Dungeon Crawl Stone Soup version 0.28.0-1-gb440e238dd (webtiles) character file.

Game seed: 2076102098098811289

42 sanka the Ducker (level 3, 0/26 HPs)
             Began as a Merfolk Conjurer on Feb 21, 2022.
             Was a Follower of Ru.
             Succumbed to a scorpion's poison
             ... on level 3 of the Dungeon.
             The game lasted 00:05:19 (2504 turns).

sanka the Ducker (Merfolk Conjurer)                 Turns: 2504, Time: 00:05:21

Health: 0/26       AC:  4    Str:  7    XL:     3   Next: 56%
Magic:  6/6        EV: 13    Int: 17    God:    Ru [*.....]
Gold:   119        SH:  0    Dex: 14    Spells: 3/6 levels left

rFire   . . .      SeeInvis .   b - +0 quarterstaff
rCold   . . .      Faith    .   (shield currently unavailable)
rNeg    . . .      Spirit   .   a - +0 robe
rPois   .          Reflect  .   (no helmet)
rElec   .          Harm     .   (no cloak)
rCorr   .          Rampage  .   (no gloves)
Will    .....                   f - +1 pair of boots
Stlth   ++........              (no amulet)
HPRegen 0.08/turn               (no ring)
MPRegen 0.10/turn               (no ring)

@: lethally poisoned (0 -> -6)
A: no conjurations magic, no hexes magic, no poison magic, (nimble swimmer 2),
mertail
a: Renounce Religion


You were on level 3 of the Dungeon.
You worshipped Ru.
Ru was aware of your devotion.
You visited 1 branch of the dungeon, and saw 3 of its levels.

You collected 119 gold pieces.

Inventory:

Hand Weapons
 b - a +0 quarterstaff (weapon)
Armour
 a - a +0 robe (worn)
 f - a +1 pair of boots (worn)
Wands
 h - a wand of digging (2)
Scrolls
 d - a scroll of enchant armour
 e - a scroll of amnesia {unknown}
 g - a scroll of identify
 i - a scroll of fog {unknown}
 j - a scroll of blinking {unknown}
 k - a scroll of holy word {unknown}
 l - a scroll of magic mapping {unknown}


   Skills:
 + Level 1.5 Fighting
 + Level 3.6 Dodging
 - Level 2.1 Stealth
 - Level 2.0 Spellcasting


You had 3 spell levels left.
You knew the following spells:

 Your Spells              Type           Power      Damage    Failure   Level
a - Magic Dart            Conj           4%         1d3       19%         1
b - Searing Ray           Conj           2%         2d4       28%         2

Your spell library contained the following spells:

 Spells                   Type           Power      Damage    Failure   Level
 Dazzling Flash           Conj/Hex       Unusable   N/A       N/A         3
 Fulminant Prism          Conj/Hex       Unusable   3d6       N/A         4
 Iskenderun's Mystic Bla  Conj/Tloc      Unusable   2d3       N/A         4

Dungeon Overview and Level Annotations

Branches:
Dungeon (3/15)

Altars:
Ru


Innate Abilities, Weirdness & Mutations

You cannot study or cast Conjurations magic.
You cannot study or cast Hexes magic.
You cannot study or cast Poison magic.
((You are very nimble when in or above water. (Stealth+, EV+, Speed+++)))
Your lower body shifts to a powerful aquatic tail in water.


Message History

The hobgoblin is lightly wounded.
The hobgoblin barely misses you.
You hit the hobgoblin.
The hobgoblin is almost dead.
The hobgoblin hits you.
The hobgoblin hits you but does no damage.
You closely miss the hobgoblin.
The hobgoblin is almost dead.
The hobgoblin hits you.
You closely miss the hobgoblin.
The hobgoblin is almost dead.
The hobgoblin barely misses you.
You hit the hobgoblin.
You kill the hobgoblin!
j - a scroll labelled ZOFUFI QUSE You now have 119 gold pieces (gained 12).
Things that are here:
a +0 ring mail; a hobgoblin corpse You aren't carrying any potions.
As you read the scroll labelled EWUBUARUKU, it crumbles to dust.
It is a scroll of enchant armour.
Your +0 pair of boots glows green for a moment.
The scorpion stings you.
As you read the scroll labelled DEDA KAXADUINIBB, it crumbles to dust.
It is a scroll of identify.
c - a scroll of fear The scorpion stings you but does no damage.
The scorpion stings you.
You are lethally poisoned!
The scorpion poisons you!
As you read the scroll of fear, it crumbles to dust.
You assume a fearsome visage.
The scorpion looks frightened!
* * * LOW HITPOINT WARNING * * *
You feel very sick.
You aren't carrying any potions.
* * * LOW HITPOINT WARNING * * *
You feel very sick.
* * * LOW HITPOINT WARNING * * *
You feel sick.
You die...

#..........#†..##...
#...........<.##....
#...........####....
##.....s..## #....
##........## #....
#..........#####....
#..........##.......
#.............####.#
#..@.......#........
#............####...
##..........## #...
#.<†.....###
#.......## #...#####
#...# #...# #...#


You could see a scorpion (fleeing).

Vanquished Creatures
  2 dart slugs (D:2)
  4 ball pythons
  9 bats
  2 endoplasms
  3 giant cockroaches
  A goblin (D:1)
  2 hobgoblins
  4 jackals
  A quokka (D:1)
  A frilled lizard (D:2)
  2 kobolds
  4 rats
35 creatures vanquished.

Notes
Turn   | Place    | Note
-------+----------+-------------------------------------------
     0 | D:1      | sanka the Merfolk Conjurer began the quest for the Orb.
     0 | D:1      | Reached XP level 1. HP: 13/13 MP: 3/3
   534 | D:1      | Reached XP level 2. HP: 13/19 MP: 0/5
   792 | D:1      | Learned a level 2 spell: Searing Ray
   909 | D:1      | Found a faded altar of an unknown god.
   912 | D:1      | Prayed at the altar of an unknown god.
   912 | D:1      | Became a worshipper of Ru the Awakened
   924 | D:1      | Gained mutation: You cannot study or cast Poison magic. [Ru
                  | sacrifice]
   924 | D:1      | Gained mutation: You cannot study or cast Hexes magic. [Ru
                  | sacrifice]
   924 | D:1      | Gained mutation: You cannot study or cast Conjurations
                  | magic. [Ru sacrifice]
   924 | D:1      | Reached * piety under Ru
  1265 | D:2      | Reached skill level 3 in Dodging
  1381 | D:2      | You fall into a shaft and drop 1 floor!
  1417 | D:2      | Reached skill level 1 in Fighting
  1472 | D:2      | Reached XP level 3. HP: 26/26 MP: 6/6
  1634 | D:3      | Noticed a scorpion
  2504 | D:3      | Succumbed to a scorpion's poison

Illustrated notes

Levels and vault maps discovered:
D:1:      saegor_arrival_fortress, layout_loops_ring,
          hellmonk_ecumenical_altar_inner_sanctum
D:2:      layout_basic
D:3:      layout_rooms

Skill      XL: |  1  2 |
---------------+-------+-----
Conjurations   | 0 |  0.0
Dodging        | 3 |  3.6
Fighting       | 1 |  1.5
Stealth        | |  2.1
Spellcasting   | |  2.0

Action                   || total
-------------------------++-------
Melee: Quarterstaff      ||    76
 Cast: Magic Dart        ||    21
Invok: Sacrifice Arcana  ||     1
  Use: Scroll            ||     3
       Potion            ||     3
 Stab: Sleeping          ||     4
Armor: Robe              ||    27
Dodge: Dodged            ||    87
